 Dungeon Crawl Stone Soup version 0.29.1-1-gd02db6906a (webtiles) character file.

Game seed: 3111389739686200737

135 Hadkhar the Ducker (level 5, -4/39 HPs)
             Began as a Human Arcane Marksman on Oct 8, 2022.
             Slain by a gnoll
             ... wielding a +0 flail
             ... led by a gnoll bouda
              (10 damage)
             ... on level 4 of the Dungeon.
             The game lasted 00:17:42 (3953 turns).

Hadkhar the Ducker (Human Arcane Marksman)          Turns: 3953, Time: 00:17:43

Health: -4/39      AC:  4    Str: 10    XL:     5   Next: 42%
Magic:  15/15      EV: 12    Int: 16    God:
Gold:   254        SH:  0    Dex: 15    Spells: 5/6 levels left

rFire   + . .      SeeInvis .   p - +6 short sword of Disarray {freeze, rF+ rC+ rN+ Int+2}
rCold   + . .      Faith    .   (no shield)
rNeg    + . .      Spirit   .   k - +0 leather armour
rPois   .          Reflect  .   (no helmet)
rElec   .          Harm     .   (no cloak)
rCorr   .          Rampage  .   i - +0 pair of gloves
Will    .....                   (no boots)
Stlth   ++........              (no amulet)
HPRegen 0.13/turn               f - ring of magical power
MPRegen 0.14/turn               (no ring)

@: weakened
A: no striking features
a: no special abilities


You were on level 4 of the Dungeon.
You visited 1 branch of the dungeon, and saw 4 of its levels.

You collected 254 gold pieces.

Inventory:

Hand Weapons
 a - a +1 sling
 p - the +6 short sword of Disarray (weapon) {freeze, rF+ rC+ rN+ Int+2}
   (You found it on level 2 of the Dungeon)

   It freezes those it strikes, dealing additional cold damage.
   It can also slow down cold-blooded creatures.
   Int:       It affects your intelligence (+2).
   rF:        It protects you from fire.
   rC:        It protects you from cold.
   rN:        It protects you from negative energy.
Missiles
 l - 5 poisoned darts
Armour
 c - a +0 robe
 i - a +0 pair of gloves (worn)
 k - a +0 leather armour (worn)
 y - a +0 plate armour
Jewellery
 f - a ring of magical power (left hand)
Scrolls
 b - a scroll of poison
 e - 3 scrolls of identify {unknown}
 j - 7 scrolls of teleportation {unknown}
 m - a scroll of fear {unknown}
 o - a scroll of enchant weapon {unknown}
 q - a scroll of magic mapping {unknown}
 r - 2 scrolls of amnesia {unknown}
 t - a scroll of noise {unknown}
 v - a scroll of summoning {unknown}
 x - a scroll of immolation {unknown}
 z - a scroll of blinking {unknown}
Potions
 d - a potion of mutation {unknown}
 g - 2 potions of lignification {unknown}
 h - a potion of cancellation {unknown}
 n - 2 potions of berserk rage {unknown}
 s - a potion of flight {unknown}
 u - a potion of resistance {unknown}
 w - a potion of brilliance {unknown}


   Skills:
 + Level 2.4 Fighting
 + Level 3.0 Ranged Weapons
 + Level 3.1 Dodging
 + Level 2.3 Stealth
 - Level 1.0 Spellcasting
 - Level 3.0 Hexes


You had 5 spell levels left.
You knew the following spells:

 Your Spells              Type           Power      Damage    Failure   Level
a - Slow                  Hex            40%        N/A       9%          1

Your spell library contained the following spells:

 Spells                   Type           Power      Damage    Failure   Level
 Inner Flame              Hex/Fire       5%         N/A       45%         3
 Portal Projectile        Hex/Tloc       10%        N/A       45%         3
 Cause Fear               Hex            5%         N/A       65%         4


Dungeon Overview and Level Annotations

Branches:
Dungeon (4/15)
 Temple: D:4-7

Altars:
Uskayaw

Shops:
D:2 *   D:3 =


Message History

The ball python constricts the plant.
The gnoll hits you with a +0 halberd!
Something hits the plant.
The plant begins to die.
The ball python loses its grip on the plant.
The gnoll barely misses you. The gnoll hits you but does no damage.
Your attacks no longer feel as feeble.
You hit the gnoll. You freeze the gnoll.
The gnoll is heavily wounded.
The gnoll hits you with a +0 flail. The gnoll bouda barely misses you.
You puncture the gnoll! You freeze the gnoll.
You kill the gnoll!
The gnoll bouda hits you with a +0 club!
You hit the gnoll bouda. You freeze the gnoll bouda.
The gnoll bouda is moderately wounded.
The gnoll bouda closely misses you.
You hit the gnoll bouda. You freeze the gnoll bouda.
The gnoll bouda is heavily wounded.
The gnoll bouda barely misses you.
You hit the gnoll bouda. You freeze the gnoll bouda.
The gnoll bouda is severely wounded.
A gnoll comes into view. It is wielding a +0 flail.
The gnoll bouda hits you with a +0 club.
You barely miss the gnoll bouda.
The gnoll bouda is severely wounded.
The gnoll bouda gazes fiercely through you!
You feel your attacks grow feeble. The gnoll bouda closely misses you.
The gnoll hits you with a +0 flail. The gnoll closely misses you.
The gnoll bouda closely misses you.
You barely miss the gnoll bouda.
The gnoll bouda is severely wounded.
The gnoll misses you.
The gnoll hits you from afar with a +0 halberd.
The gnoll bouda hits you with a +0 club!
* * * LOW HITPOINT WARNING * * *
The gnoll is no longer moving quickly.
The gnoll bouda gazes fiercely through you!
You feel as though you will be weak longer.
The gnoll bouda completely misses you.
The gnoll is no longer moving quickly.
The gnoll hits you with a +0 flail!
You die...

#.### .. #.####
#########.# .....#
#.......#.##### #.##.#
####.#####........
#.##.###....#####...###.#
#........#.......>.......
####.###....#####..#.##.##
####.# ####.#####gg#.##..#
.....# #.....@.g)....#
###### ##########.####
#.g.....# #.##.##.#
######.##... .#
#....g..####..#
#...P.PP..# .#
#.P...SPP.>... #
#.P...P.P.####


You could see a gnoll bouda and 2 gnolls.

Vanquished Creatures
  A gnoll (D:4)
  5 adders
  A white imp (D:3)
  2 worms
  4 dart slugs
  4 giant cockroaches
  6 hobgoblins
  4 quokkas (D:1)
  9 ball pythons
  9 bats
  4 frilled lizards
  7 goblins
  2 kobolds
  4 rats
62 creatures vanquished.

Vanquished Creatures (others)
  7 plants (D:4)
7 creatures vanquished.

Grand Total: 69 creatures vanquished

Notes
Turn   | Place    | Note
-------+----------+-------------------------------------------
     0 | D:1      | Hadkhar the Human Arcane Marksman began the quest for the
                  | Orb.
     0 | D:1      | Reached XP level 1. HP: 15/15 MP: 2/2
   539 | D:1      | Reached XP level 2. HP: 20/21 MP: 3/3
  1089 | D:1      | Reached skill level 1 in Stealth
  1123 | D:1      | Reached XP level 3. HP: 23/26 MP: 4/4
  1756 | D:2      | Identified the +6 short sword of Disarray {freeze, rF+ rC+
                  | rN+ Int+2}
  1888 | D:2      | Reached XP level 4. HP: 33/33 MP: 5/5
  1994 | D:2      | Found Hixar's General Store.
  2205 | D:2      | Found a faded altar of an unknown god.
  2653 | D:3      | Found Viavul's Jewellery Shoppe.
  2809 | D:3      | Reached XP level 5. HP: 38/38 MP: 6/6
  3724 | D:4      | Found a hide-covered altar of Uskayaw.
  3953 | D:4      | Slain by a gnoll

Illustrated notes

Levels and vault maps discovered:
D:1:      beargit_arrival_greenhouse, layout_basic, minmay_fountain_box
D:2:      layout_rooms, dreamdust_ecumenical_altar_angels_and_demons,
          serial_shops, shop, minivault_27, kennysheep_generic_room_11
D:3:      layout_basic, serial_shops, shop_coins
D:4:      layout_loops_cross, kennysheep_little_box,
          nicolae_tso_besieged_by_evil, serial_shops, nicolae_shop_stone,
          nicolae_grassy_gnolls

Skill      XL: |  1  2  3  4  5 |
---------------+----------------+-----
Stealth        | 1 2 |  2.3
Fighting       | 2 |  2.4
Ranged Weapons | 3 |  3.0
Dodging        | 3 |  3.1
Spellcasting   | |  1.0
Hexes          | |  3.0

Action                   |  1- 3 |  4- 6 || total
-------------------------+-------+-------++-------
Melee: Short sword       |     8 |    73 ||    81
 Fire: Sling             |   111 |       ||   111
 Cast: Slow              |     3 |       ||     3
  Use: Scroll            |     1 |       ||     1
 Stab: Sleeping          |       |     4 ||     4
Armor: Robe              |     8 |       ||     8
       Leather armour    |     5 |    14 ||    19
Dodge: Dodged            |    62 |    43 ||   105
